 Dungeon Crawl Stone Soup version 0.29-a0-284-gf9362112df (webtiles) character file.

Game seed: 11334190850616901209

3164 NotOkHand the Grave Robber (level 9, -27/64 HPs)
             Began as a Demonspawn Necromancer on Mar 19, 2022.
             Was an Elder of Cheibriados (penitent).
             Killed by an exploding Joseph (32 damage)
             ... ignited by their inner flame
             ... on level 7 of the Dungeon on Mar 21, 2022.
             The game lasted 01:05:11 (6066 turns).

NotOkHand the Grave Robber (Demonspawn Necromancer) Turns: 6066, Time: 01:05:12

Health: -27/64     AC: 10    Str:  8    XL:     9   Next: 63%
Magic:  13/17      EV: 29    Int: 22    God:    Cheibriados [****..]
Gold:   224        SH:  6    Dex: 13    Spells: 14/19 levels left

rFire   . . .      SeeInvis +   u - +1 flail (protect)
rCold   . . .      Faith    .   I - orb {mayhem}
rNeg    + . .      Spirit   .   a - +1 robe
rPois   .          Reflect  .   J - +0 helmet {SInv}
rElec   .          Harm     .   (no cloak)
rCorr   .          Rampage  .   f - +2 pair of gloves
Will    .....                   j - +2 pair of boots
Stlth   ++........              i - amulet of the acrobat
HPRegen 2.20/turn               A - ring of positive energy
MPRegen 0.15/turn               x - ring of wizardry

@: acrobatic, very slow
A: claws 1, large bone plates 2, powered by death 2, spiny 2
a: Renounce Religion


You were on level 7 of the Dungeon.
You worshipped Cheibriados.
Cheibriados was demanding penance.
You visited 2 branches of the dungeon, and saw 8 of its levels.
You also visited: Ossuary.

You collected 224 gold pieces.

Inventory:

Hand Weapons
 d - a +0 club
 h - a +2 dagger of protection
 s - a +0 vorpal dagger
 u - a +1 flail of protection (weapon)
 z - a +3 flail of holy wrath
 F - a +4 quarterstaff of chaos
Armour
 a - a +1 robe (worn)
 f - a +2 pair of gloves (worn)
 g - a +0 plate armour
 j - a +2 pair of boots (worn)
 n - a +0 leather armour
 t - a +0 ring mail
 H - a +2 helmet
 I - an orb of mayhem (worn)
 J - a +0 helmet of see invisible (worn)
Jewellery
 c - an amulet of guardian spirit
 i - an amulet of the acrobat (around neck)
 o - a ring of see invisible
 x - a ring of wizardry (right hand)
 A - a ring of positive energy (left hand)
Wands
 C - a wand of charming (13)
Scrolls
 k - a scroll of amnesia
 p - 3 scrolls of teleportation
 q - a scroll of fear
 r - a scroll of immolation
 v - 3 scrolls of vulnerability
 w - a scroll of summoning {unknown}
 y - a scroll of fog {unknown}
 K - a scroll of identify
Potions
 b - 3 potions of magic
 e - a potion of curing {unknown}
 l - 3 potions of heal wounds {unknown}
 m - a potion of haste
 B - 3 potions of flight {unknown}
 D - a potion of degeneration {unknown}
 E - 2 potions of ambrosia {unknown}
 G - 2 potions of cancellation {unknown}


   Skills:
 + Level 3.2 Fighting
 + Level 2.8 Short Blades
 + Level 5.1 Maces & Flails
 + Level 5.6 Dodging
 + Level 4.0 Stealth
 + Level 4.1 Shields
 + Level 5.5 Spellcasting
 + Level 6.8 Necromancy


You had 14 spell levels left.
You knew the following spells:

 Your Spells              Type           Power      Damage    Failure   Level
a - Pain                  Necr           100%       1d9       1%          1
b - Animate Skeleton      Necr           72%        N/A       1%          1
c - Vampiric Draining     Necr           36%        2d8       1%          3

Your spell library contained the following spells:

 Spells                   Type           Power      Damage    Failure   Level
 Animate Dead             Necr           18%        N/A       2%          4
 Summon Small Mammal      Summ           24%        N/A       4%          1
 Agony                    Necr           36%        N/A       6%          5
 Call Canine Familiar     Summ           6%         N/A       12%         3
 Ozocubu's Armour         Ice            6%         N/A       12%         3
 Summon Guardian Golem    Hex/Summ       6%         N/A       12%         3
 Ozocubu's Refrigeration  Ice            3%         4d5       100%        7


Dungeon Overview and Level Annotations

Branches:
Dungeon (7/15)             Temple (1/1) D:4         Ossuary (visited)

Altars:
Ashenzari
Cheibriados
Dithmenos
Elyvilon
Fedhas
Gozag
Hepliaklqana
Kikubaaqudgha
Makhleb
Nemelex Xobeh
Okawaru
Qazlal
Sif Muna
Trog
Vehumet
Wu Jian
Xom
Yredelemnul
The Shining One

Shops:
D:3 =[?*=   D:6 *


Innate Abilities, Weirdness & Mutations

You have sharp fingernails.
You are mostly covered in large bone plates. (SH +6)
You regenerate health from kills.
You are mostly covered in sharp spines.


Message History

Joseph is engulfed in blazing flames.
Flame seeps out of Joseph.
Joseph shouts!
Joseph shouts!
Joseph unwields a +0 hunting sling.
Joseph wields a +2 spectral quarterstaff.
Joseph hits you with a +2 spectral quarterstaff!
* * * LOW HITPOINT WARNING * * *
You closely miss Joseph.
Joseph is moderately wounded.
You block Joseph's attack.
Casting: Vampiric Draining (safe; 1% risk of failure)
Confirm with . or Enter, or press ? or * to list all spells.
Aiming: Vampiric Draining (safe; 1% risk of failure)
Press: ? - help, Shift-Dir - straight line, f - Joseph
Aim: Joseph, wielding a +2 spectral quarterstaff and wearing a +3 leather armour of fire resistance (moderately wounded, fast, inner flame, strong, frenzied and insane)
You draw life force from Joseph.
Flame seeps out of Joseph.
You feel life coursing into your body.
Joseph is engulfed in blazing flames.
Flame seeps out of Joseph.
Joseph is struck by your spines.
Flame seeps out of Joseph.
Joseph misses you.
Joseph is engulfed in blazing flames.
Flame seeps out of Joseph.
You block Joseph's attack.
Joseph is engulfed in blazing flames.
Flame seeps out of Joseph.
Joseph is struck by your spines.
Flame seeps out of Joseph.
Joseph barely misses you.
Joseph is engulfed in blazing flames.
Flame seeps out of Joseph.
Joseph is struck by your spines.
Flame seeps out of Joseph.
Joseph hits you with a +2 spectral quarterstaff!
* * * LOW HITPOINT WARNING * * *
Joseph is engulfed in blazing flames.
Flame seeps out of Joseph.
You block Joseph's attack.
Joseph is engulfed in blazing flames.
Flame seeps out of Joseph.
You block Joseph's attack.
Joseph hits you with a +2 spectral quarterstaff!
* * * LOW HITPOINT WARNING * * *
Joseph is struck by your spines.
Cheibriados thoroughly appreciates the change of pace.
Joseph explodes!
The fiery explosion engulfs you!!
Ouch! That really hurt!
You die...

***,,,,,,,,,,,........# ##.#(...
,*,***,*,*,,,,........# #......
,,**,,,,,,*****#....#.#####.#....
,,**,*,**,* #.................
***#<*..#.* ####....#.......##.##
,,,...#.#.* #.......#.########..)
***#..#.#.###.##....#.# #..#
**##....).............# #..#
,,,.....).....#§@....## #..#
**,*#.........#§#..#.# #..#
**.##..)......§§...#.# #...
,,...)).......#..)...### ##..
***##....†.)...........##########
****#......○...#######.......#
,,....###.####.# #..#.##.#
**###** #.# #.# #..#.##.## #.#
#.# #..#...>.#


There were no monsters in sight!

Vanquished Creatures
  Joseph (D:7)
  A hornet (D:7)
  Sigmund (D:6)
  A wraith (D:5)
  3 yaks (D:6)
  Edmund (D:5)
  3 black bears
  A sky beast (D:5)
  An ice beast (D:6)
  2 centaurs (D:6)
  A phantom (D:5)
  A kobold brigand (D:7)
  2 elf zombies (Ossuary)
  3 scorpions (D:5)
  A centaur zombie (Ossuary)
  3 bullfrog zombies (D:6)
  3 bullfrog skeletons (D:6)
  A gnoll shaman (D:4)
  A human zombie (Ossuary)
  3 jellies
  Crazy Yiuf (D:6)
  2 orc priests
  2 orc wizards
  A killer bee zombie (D:6)
  2 hound zombies (Ossuary)
  3 mummies (Ossuary)
  A howler monkey zombie (D:6)
  9 gnolls
  A river rat (D:5)
  10 adders
  3 shadow imps (D:6)
  2 ufetubi
  6 adder zombies (Ossuary)
  7 dart slugs
  22 orcs
  5 bats
  13 endoplasms
  5 giant cockroaches
  7 goblins
  7 hobgoblins
  2 jackals (D:3)
  5 quokkas
  7 ball pythons
  3 frilled lizards
  2 gnoll zombies (Ossuary)
  6 goblin zombies
  4 hobgoblin zombies (Ossuary)
  4 jackal zombies (Ossuary)
  10 kobolds
  A kobold zombie (Ossuary)
  4 orc zombies (Ossuary)
  2 quokka zombies (Ossuary)
  4 rats
197 creatures vanquished.

Vanquished Creatures (collateral kills)
  A kobold (D:7)
1 creature vanquished.

Vanquished Creatures (others)
  An orc wizard (D:7)
1 creature vanquished.

Grand Total: 199 creatures vanquished

Notes
Turn   | Place    | Note
-------+----------+-------------------------------------------
     0 | D:1      | NotOkHand the Demonspawn Necromancer began the quest for
                  | the Orb.
     0 | D:1      | Reached XP level 1. HP: 13/13 MP: 3/3
   517 | D:1      | Learned a level 1 spell: Animate Skeleton
   572 | D:1      | Gained mutation: You are partially covered in large bone
                  | plates. (SH +4) [demonic ancestry]
   572 | D:1      | Reached XP level 2. HP: 10/19 MP: 0/5
  1410 | D:1      | Reached skill level 5 in Necromancy
  1604 | D:1      | Gained mutation: You are partially covered in sharp spines.
                  | [demonic ancestry]
  1604 | D:1      | Reached XP level 3. HP: 22/24 MP: 3/6
  2206 | D:2      | Gained mutation: You are mostly covered in sharp spines.
                  | [demonic ancestry]
  2206 | D:2      | Reached XP level 4. HP: 24/30 MP: 6/9
  2494 | D:3      | Found Ygritt's Magic Scroll Emporium.
  2587 | D:3      | Found a faded altar of an unknown god.
  2592 | D:3      | Prayed at the altar of an unknown god.
  2592 | D:3      | Became a worshipper of Cheibriados the Contemplative
  2592 | D:3      | Reached * piety under Cheibriados
  2625 | D:3      | Found Enuarof's General Store.
  2867 | D:3      | Found Gatiun's Jewellery Boutique.
  2950 | D:3      | Found Mefesami's Antique Armour Boutique.
  3052 | D:3      | Learned a level 3 spell: Vampiric Draining
  3094 | D:3      | Found Uwkagar's Jewellery Emporium.
  3107 | D:3      | Found an opulent altar of Gozag.
  3402 | D:4      | Reached ** piety under Cheibriados
  3521 | D:4      | Gained mutation: You are mostly covered in large bone
                  | plates. (SH +6) [demonic ancestry]
  3521 | D:4      | Reached XP level 5. HP: 35/35 MP: 3/10
  3671 | D:4      | Reached skill level 1 in Short Blades
  3679 | D:4      | Noticed a black bear
  3687 | D:4      | Killed a black bear
  3688 | D:4      | Reached skill level 1 in Shields
  3688 | D:4      | Gained mutation: You regenerate a little health from kills.
                  | [demonic ancestry]
  3688 | D:4      | Reached XP level 6. HP: 41/41 MP: 1/12
  3790 | D:4      | Found a staircase to the Ecumenical Temple.
  3795 | D:4      | Reached *** piety under Cheibriados
  3805 | Temple   | Entered the Ecumenical Temple
  4160 | D:5      | Entered Level 5 of the Dungeon
  4181 | D:5      | Reached skill level 6 in Necromancy
  4181 | D:5      | Reached XP level 7. HP: 47/47 MP: 14/14
  4249 | D:5      | Noticed a wraith
  4278 | D:5      | Found a shimmering blue altar of Sif Muna.
  4302 | D:5      | Killed a wraith
  4303 | D:5      | Reached skill level 1 in Fighting
  4391 | D:5      | Noticed Edmund
  4407 | D:5      | Killed Edmund
  4492 | D:5      | Reached skill level 5 in Spellcasting
  4542 | D:5      | Gained mutation: You have sharp fingernails. [demonic
                  | ancestry]
  4542 | D:5      | Reached XP level 8. HP: 54/54 MP: 15/15
  4587 | D:5      | Reached skill level 1 in Maces & Flails
  4897 | D:6      | Found Huobauc's Assorted Antiques.
  4983 | D:6      | Reached **** piety under Cheibriados
  5003 | D:6      | Noticed Sigmund
  5010 | D:6      | Killed Sigmund
  5136 | D:6      | Gained mutation: You regenerate health from kills. [demonic
                  | ancestry]
  5136 | D:6      | Reached XP level 9. HP: 46/62 MP: 9/17
  5142 | D:6      | Reached skill level 5 in Dodging
  5197 | D:6      | Found a runed translucent door.
  5198 | D:6      | Noticed Crazy Yiuf
  5206 | D:6      | Killed Crazy Yiuf
  5335 | D:6      | Reached ***** piety under Cheibriados
  5493 | D:7      | Found a sand-covered staircase.
  5501 | Ossuary  | Entered an ossuary
  6012 | D:7      | Was placed under penance by Cheibriados
  6047 | D:7      | Noticed Joseph
  6053 | D:7      | Was forgiven by Cheibriados
  6053 | D:7      | Was placed under penance by Cheibriados
  6054 | D:7      | Reached skill level 5 in Maces & Flails
  6054 | D:7      | Was forgiven by Cheibriados
  6058 | D:7      | Was placed under penance by Cheibriados
  6058 | D:7      | HP: 1/64 [Joseph/sling bullet (17)]
  6058 | D:7      | Was forgiven by Cheibriados
  6058 | D:7      | Was placed under penance by Cheibriados
  6065 | D:7      | HP: 2/64 [Joseph/+2 spectral quarterstaff (14)]
  6066 | D:7      | Killed Joseph
  6066 | D:7      | Killed by an exploding Joseph... ignited by their inner
                  | flame

Illustrated notes

Levels and vault maps discovered:
D:1:      psy_arrival_radial02, layout_basic, kennysheep_small_spiral
D:2:      layout_loops_ring, roderic_lattice_a
D:3:      layout_basic, mainiacjoe_overflow_catwalk, serial_shops, shop, shop,
          shop, nicolae_shop_hallway_plus, nicolae_shop_advertising_works
          [nicolae_subvault_shop_adworks], chequers_ecumenical_altar_grove,
          item_on_display_a
D:4:      layout_layer_cave, minmay_temple_entry_poolview
D:5:      layout_basic, nicolae_sif_muna_little_library, gup_sewer_entry_bowl,
          uniq_edmund
D:6:      layout_rooms, serial_shops, nicolae_shop_waterfront, serial_undead,
          serial_undead_f, serial_undead_d, serial_undead_a, serial_undead_e,
          dreamdust_princess_corridor, uniq_sigmund, uniq_crazy_yiuf_cottage
D:7:      layout_loops_cross, enter_ossuary_4, uniq_joseph
Temple:   compressed_dpeg_circular_temple

Skill      XL: |  1  2  3  4  5  6  7  8  9 |
---------------+----------------------------+-----
Necromancy     | 5 6 |  6.8
Spellcasting   | 3 4 5 |  5.5
Stealth        | 2 3 4 |  4.0
Dodging        | 2 3 4 5 |  5.6
Short Blades   | 1 2 |  2.8
Shields        | 1 2 3 4 |  4.1
Fighting       | 1 2 3 |  3.2
Maces & Flails | 3 5 |  5.1

Action                   |  1- 3 |  4- 6 |  7- 9 || total
-------------------------+-------+-------+-------++-------
Melee: Unarmed           |    13 |       |       ||    13
       Dagger            |    15 |    99 |     2 ||   116
       Flail             |       |       |   174 ||   174
 Cast: Pain              |    54 |    10 |     3 ||    67
       Animate Skeleton  |     1 |       |       ||     1
       Vampiric Draining |       |    12 |     8 ||    20
  Use: Scroll            |     5 |     7 |     8 ||    20
 Stab: Sleeping          |     4 |     3 |     7 ||    14
Armor: Robe              |    17 |    32 |    73 ||   122
Dodge: Dodged            |    43 |   103 |   275 ||   421
Block: Other             |     6 |    38 |    86 ||   130
       Orb               |       |       |    13 ||    13

Table legend: (Time is in decaauts)
 A = Elapsed time spent in this place.
 B = Non-inter-level travel time spent in this place.
 C = Inter-level travel time spent in this place.
 D = Time resting spent in this place.
 E = Time spent auto-exploring this place.
 F = Levels seen in this place.
 G = Mean time per level.
                   A        B        C        D        E       F      G
               +--------+--------+--------+--------+--------+-----+--------+
         Total |   7927 |   2922 |   5005 |      0 |      0 |   9 |  880.8 |
       Dungeon |   7263 |   2445 |   4818 |      0 |      0 |   7 | 1037.6 |
        Temple |    188 |      2 |    186 |      0 |      0 |   1 |  188.0 |
       Ossuary |    476 |    476 |      0 |      0 |      0 |   1 |  476.0 |
               +--------+--------+--------+--------+--------+-----+--------+

Top non-repeatable levels by time:
     D:1: 1641 daAuts
     D:3: 1183 daAuts
     D:5: 1110 daAuts
     D:6: 986 daAuts
     D:4: 924 daAuts
     D:2: 845 daAuts
     D:7: 569 daAuts
 Ossuary: 476 daAuts
  Temple: 188 daAuts
